 Dungeon Crawl Stone Soup version 0.22-a0-614-g34fbaa0 (webtiles) character file.

78 EuclidGuy the Vexing (level 4, 0/33 HPs)
             Began as a Formicid Arcane Marksman on July 11, 2018.
             Succumbed to an adder's poison
             ... on level 2 of the Dungeon.
             The game lasted 00:14:06 (1463 turns).

EuclidGuy the Vexing (Formicid Arcane Marksman)     Turns: 1463, Time: 00:14:07

Health: 0/33       AC:  2    Str: 15    XL:     4   Next: 61%
Magic:  3/6        EV: 12    Int: 13    God:
Gold:   133        SH:  0    Dex: 11    Spells: 3/6 levels left

rFire    . . .     SeeInvis +   a - +0 hunting sling
rCold    + + .     Gourm    .   (no shield)
rNeg     . . .     Faith    .   e - +0 robe
rPois    .         Spirit   .   (helmet unavailable)
rElec    .         Reflect  .   (no cloak)
rCorr    .         Harm     .   (no gloves)
MR       .....                  (no boots)
Stlth    +.........             (no amulet)
HPRegen  0.11/turn              j - ring of protection from cold
MPRegen  0.10/turn              p - ring of protection from cold

@: lethally poisoned (0 -> -9)
A: permanent stasis, dig shafts and tunnels, four strong arms, antennae 3
a: Dig, Shaft Self


You were on level 2 of the Dungeon.
You were hungry.

You visited 1 branch of the dungeon, and saw 2 of its levels.

You collected 133 gold pieces.

Inventory:

Hand Weapons
 a - a +0 hunting sling (weapon)
Missiles
 c - 36 stones
 d - 19 sling bullets (quivered)
 k - 105 bolts
 m - 7 needles of sleeping
Armour
 e - a +0 robe (worn)
Jewellery
 j - a ring of protection from cold (left hand)
 o - an uncursed ring of ice
 p - a ring of protection from cold (right hand)
 q - an uncursed ring of protection from magic {unknown}
Scrolls
 g - a scroll of amnesia
 h - a scroll of identify {unknown}
 l - a scroll of enchant armour {unknown}
 r - a scroll of noise {unknown}
 s - 2 scrolls of teleportation {unknown}
Potions
 i - a potion of mutation {unknown}
 n - a potion of heal wounds {unknown}
Comestibles
 f - 2 rations


   Skills:
 + Level 2.0 Fighting
 + Level 3.0 Slings
 + Level 2.5 Dodging
 + Level 1.8 Spellcasting
 + Level 4.2 Hexes


You had 3 spell levels left.
You knew the following spells:

 Your Spells              Type           Power        Failure   Level  Hunger
a - Corona                Hex            ##.....      4%          1    ##.....
b - Slow                  Hex            ##......     7%          2    ###....

Your spell library contained the following spells:

 Spells                   Type           Power        Failure   Level  Hunger
 Cause Fear               Hex            ##........   41%         4    #####..
 Portal Projectile        Hex/Tloc       #.....       32%         3    ####...
 Leda's Liquefaction      Hex/Erth       #.........   71%         4    #####..
 Inner Flame              Hex/Fire       #.......     32%         3    ####...


Dungeon Overview and Level Annotations

Branches:
Dungeon (2/15)

Altars:


Innate Abilities, Weirdness & Mutations

You cannot be hasted, slowed, berserked, paralysed or teleported.
You can dig through walls and to a lower floor.
Your four strong arms can wield two-handed weapons with a shield.
You have a pair of large antennae on your head. (SInv)


Message History

The adder poisons you!
You feel sick.
Found a stone staircase leading up.
There is a stone staircase leading down here.
Firing (i - inventory. (/) - cycle)
d - 20 sling bullets (quivered)
Press: ? - help, Shift-Dir - straight line, f/p - adder
Aim: an adder (almost dead)
You shoot a sling bullet.
The sling bullet barely misses the adder.
The adder closely misses you.
A rat comes into view.
You feel sick. The adder bites you.
* * * LOW HITPOINT WARNING * * *
You are lethally poisoned!
The adder poisons you! The adder bites you.
* * * LOW HITPOINT WARNING * * *
You are more poisoned.
The adder poisons you!
An adder comes into view.
You die...

.......#..........#..#
##......!?......##.##
#.......$..(...###.#
#..?.......)#####..#
#.....(....(###...###
##..>......(....#...#
##.S.#.....#####...#
#...#####.##.......#
#.#@# #.##.......#
#..#.# ..##......##
#.##.. ### #......# ..
.... #.......# #..
.<.S. #####...# ..
...r... ..... ......(.
.##... .......... ..
.... #. ##..


You could see 2 adders and a rat (sleeping).

Vanquished Creatures
  Terence (D:2)
  An adder (D:2)
  An ooze (D:1)
  2 worms (D:2)
  2 leopard geckos
  A ball python (D:1)
  2 giant cockroaches (D:1)
  A goblin (D:1)
  3 hobgoblins
  5 jackals (D:1)
  4 kobolds
  3 bats (D:1)
  A frilled lizard (D:1)
  5 rats
32 creatures vanquished.

Notes
Turn   | Place    | Note
-------+----------+-------------------------------------------
     0 | D:1      | EuclidGuy the Formicid Arcane Marksman began the quest for the Orb.
     0 | D:1      | Reached XP level 1. HP: 15/15 MP: 2/2
    40 | D:1      | Reached XP level 2. HP: 9/21 MP: 3/3
   343 | D:1      | Reached XP level 3. HP: 26/26 MP: 2/5
   552 | D:1      | Upgraded the game from 0.22-a0-609-gfedc9ff to 0.22-a0-614-g34fbaa0
   557 | D:1      | Reached skill level 4 in Hexes
   645 | D:1      | Learned a level 2 spell: Slow
  1171 | D:2      | Reached XP level 4. HP: 3/33 MP: 2/6
  1408 | D:2      | Noticed Terence
  1419 | D:2      | Killed Terence
  1461 | D:2      | HP: 1/33 [adder (4)]
  1463 | D:2      | Succumbed to an adder's poison

Vault maps used:
D:1:      dpeg_arrival_long_road
D:2:      uniq_terence

Skill      XL: |  1  2  3  4 |
---------------+-------------+-----
Dodging        | 2 |  2.5
Hexes          | 4 |  4.2
Fighting       | 2 |  2.0
Slings         | 3 |  3.0
Spellcasting   | |  1.8

Action                   |  1- 3 |  4- 6 || total
-------------------------+-------+-------++-------
 Fire: Hunting sling     |    89 |    33 ||   122
 Cast: Corona            |    15 |     2 ||    17
       Slow              |     6 |     3 ||     9
  Use: Potion            |       |     2 ||     2
       Scroll            |       |     1 ||     1
  Eat: Chunk             |     1 |     1 ||     2
Armor: Robe              |     6 |     1 ||     7
Dodge: Dodged            |    29 |    23 ||    52

Table legend:
 A = Spawn XP
 B = Non-spawn XP
 C = Spawn XP percentage of total XP
 D = Spawn monster count
 E = Non-spawn monster count
 F = Spawn count percentage of total count
 G = Total turns spent on level
                    A         B        C        D         E        F      G
               +---------+---------+-------+---------+---------+-------+---------
         Total |       0 |     112 |   0.0 |       0 |      32 |   0.0 |  1463
               +---------+---------+-------+---------+---------+-------+---------
           D:1 |       0 |      45 |   0.0 |       0 |      23 |   0.0 |   948
           D:2 |       0 |      67 |   0.0 |       0 |       9 |   0.0 |   515
               +---------+---------+-------+---------+---------+-------+---------
